 Dungeon Crawl Stone Soup version 0.31-a0-233-g139696dc86 (webtiles) character file.

Game seed: 14139032844963572021

153478 qw the Crack Shot (level 17, -2/117 HPs)
             Began as a Gargoyle Hexslinger on July 8, 2023.
             Was a High Priest of Okawaru.
             Killed by divine providence
             ... invoked by a meliai
              (16 damage)
             ... on level 3 of the Spider Nest on July 9, 2023.
             The game lasted 00:19:02 (25010 turns).

qw the Crack Shot (Gargoyle Hexslinger)            Turns: 25010, Time: 00:19:02

Health: -2/117     AC: 35    Str: 14    XL:     17   Next: 60%
Magic:  22/24      EV: 28    Int: 14    God:    Okawaru [*****.]
Gold:   520        SH:  0    Dex: 18    Spells: 17/18 levels left

rFire   . . .        q - +7 triple crossbow of the Turnip {drain, rC+ Will+ Stlth+}
rCold   + . .        (shield currently unavailable)
rNeg    + . .        B - +3 ring mail {Will+}
rPois   inf          u - +2 helmet {SInv}
rElec   +            k - scarf {repulsion}
rCorr   .            m - +2 pair of gloves
SInv    +            w - +2 pair of boots
Will    +++..        e - amulet of regeneration
Stlth   +++          t - +5 ring of evasion
HPRegen 1.19/turn    G - +5 ring of evasion
MPRegen 0.19/turn

%: repel missiles
@: heroic, flying, slowed, very slow
A: sickness immunity, AC +12, big wings, negative energy resistance 1,
electricity resistance, torment resistance 1, petrification resistance
a: Renounce Religion, Heroism, Finesse, Duel


You were on level 3 of the Spider Nest.
You worshipped Okawaru.
Okawaru was extremely pleased with you.
You visited 5 branches of the dungeon, and saw 26 of its levels.
You also visited: Sewer.

You collected 2684 gold pieces.
You spent 2164 gold pieces at shops.


Innate Abilities, Weirdness & Mutations

You are immune to sickness and miasma.
Your stone body is resilient. (AC +12)
You are immune to poison.
Your large and strong wings let you fly.
You resist negative energy. (rN+)
You are resistant to electric shocks. (rElec)
You are resistant to unholy torment.
You are immune to petrification.


   Skills:
 - Level 17.0(22.0) Fighting
 - Level 22.0(27) Ranged Weapons
 - Level 10.0(15.0) Armour
 + Level 8.2(13.2) Dodging
 - Level 1.0 Spellcasting
 - Level 2.6 Hexes
 - Level 10.0 Invocations


You had 17 spell levels left.
You knew the following spells:

 Your Spells              Type           Power      Damage    Failure   Level
a - Slow                  Hex            32%        N/A       14%         1

Your spell library contained the following spells:

 Spells                   Type           Power      Damage    Failure   Level
 Inner Flame              Hex/Fire       4%         N/A       58%         3
 Portal Projectile        Hex/Tloc       8%         N/A       58%         3
 Cause Fear               Hex            4%         N/A       80%         4

Inventory:

Hand Weapons
 q - the +7 triple crossbow of the Turnip (weapon) {drain, rC+ Will+ Stlth+}
   (You found it on level 1 of the Lair of Beasts)

   rC:        It protects you from cold.
   Will:      It increases your willpower.
   Stlth:     It makes you more stealthy.
Armour
 c - a +0 troll leather armour
 k - a scarf of repulsion (worn)
 m - a +2 pair of gloves (worn)
 r - a +0 cloak
 u - a +2 helmet of see invisible (worn)
 w - a +2 pair of boots (worn)
 B - a +3 ring mail of willpower (worn)
 D - the +1 ring mail of the Sunfish {MP+9 Int+3 SInv}
   (You bought it in a shop on level 2 of the Orcish Mines)

   Int:       It affects your intelligence (+3).
   MP:        It affects your magic capacity (+9).
   SInv:      It lets you see invisible.
 E - a +2 robe of resistance
 F - the +1 ring mail "Doanecw" {rF+}
   (You bought it in a shop on level 2 of the Orcish Mines)

   rF:        It protects you from fire.
Jewellery
 e - an amulet of regeneration (around neck)
 f - a ring of fire
 i - a ring of protection from fire
 t - a +5 ring of evasion (left hand)
 G - a +5 ring of evasion (right hand)
Scrolls
 d - a scroll of enchant armour
 g - 11 scrolls of identify
 z - a scroll of enchant weapon
Potions
 a - 5 potions of mutation
 b - 8 potions of curing
 h - 10 potions of enlightenment
 l - 3 potions of might
 n - 5 potions of cancellation
 s - 3 potions of magic
 v - 3 potions of haste
 x - a potion of resistance

Dungeon Overview and Level Annotations

Branches:
Dungeon (15/15)            Temple (1/1) D:6            Lair (5/5) D:10
 Shoals (0/4) Lair:2       Spider (3/4) Lair:2        Slime (0/5) Lair:5
    Orc (2/2) D:12            Elf (0/3) Orc:2        Vaults (0/5) D:14
 Depths (0/4) D:15          Sewer (visited)

Altars:
Ashenzari
Cheibriados
Dithmenos
Elyvilon
Fedhas
Gozag
Hepliaklqana
Kikubaaqudgha
Makhleb
Nemelex Xobeh
Okawaru
Qazlal
Ru
Sif Muna
Trog
Uskayaw
Vehumet
Wu Jian
Xom
Yredelemnul
Zin
The Shining One
Jiyva
Lugonu

Shops:
D:11 !   D:12 :   D:13 !   Orc:2 =**[(

Portals:
Abyss: Lair:5
Trove: D:13 (give +3 shadow dragon scales)

Annotations:
D:11 2 transporters
D:13 2 transporters, Ined's ghost, journeyman MiBe


Message History

The demonic crawler hits you! The demonic crawler hits you.
The demonic crawler misses you.
The demonic crawler hits you but does no damage.
25007 ||| INVOKING Heroism.
You gain the combat prowess of a mighty hero.
The meliai calls down the wrath of its god upon you.
Something smites you! The meliai completely misses you.
The meliai closely misses you.
The demonic crawler completely misses you.
The demonic crawler closely misses you. The demonic crawler hits you!
The meliai closely misses you. The meliai misses you.
The meliai closely misses you. The meliai completely misses you.
You shoot a bolt. The bolt hits the demonic crawler!!
The demonic crawler is heavily wounded.
The meliai barely misses you. The meliai completely misses you.
The meliai barely misses you. The meliai completely misses you.
The demonic crawler completely misses you. x2
The demonic crawler barely misses you. The meliai completely misses you. x2
The meliai hits you but does no damage.
The meliai stings you but does no damage.
You shoot a bolt.
The bolt completely misses the demonic crawler.
The meliai calls down the wrath of its god upon you.
Something smites you! The meliai misses you. The meliai completely misses you.
The demonic crawler completely misses you.
The demonic crawler barely misses you. The demonic crawler misses you.
The meliai completely misses you. x2; The meliai misses you.
The meliai closely misses you.
Being near the torpor snail leaves you feeling lethargic.
The demonic crawler completely misses you. x2
The demonic crawler misses you.
You shoot a bolt. The bolt hits the demonic crawler!
The demonic crawler is moderately wounded.
The meliai closely misses you. The meliai completely misses you. x2
The meliai barely misses you.
The meliai invokes the aid of its god against you.
Something smites you!
The meliai calls down the wrath of its god upon you.
Something smites you!
You die...

#####..###....#.###.
#......##..##...#...
##..##.#..####..##..
##..####.#..#..##~#
#^^%..........###.#
###.......###..#<#..
#..%##.#####........
##..#### ####....#
#..@y..# ####.###!.#
##y#s.#.##.....#...#
#.#....#^#......##~
%..w####^..#.#.#.##
###.$# #...######...
.... #....#.#.>...
#..## ###........##


.wy ###...##.#~ #$y. ##..##~#~ You could see a torpor snail, a demonic crawler
and 2 meliai.

Vanquished Creatures
  Arachne (Spider:2)
  Jorgrun (Spider:3)
  Kirke (D:15)
  4 ghost moths
  An orc warlord (Orc:2)
  A broodmother (Spider:2)
  A dire elephant (D:15)
  4 entropy weavers
  8 vault guards (D:14)
  An ogre mage (D:15)
  7 hydras
  4 jorogumos
  3 centaur warriors
  2 radroaches
  A death knight (D:13)
  6 two-headed ogres
  A tengu warrior (D:14)
  7 boulder beetles
  4 thrashing horrors (Lair:5)
  3 death yaks (Lair:5)
  9 demonic crawlers
  4 orc high priests (Orc:2)
  3 skysharks
  6 skeletal warriors
  4 pharaoh ants
  A sun moth (Spider:3)
  8 orb spiders
  5 orc knights (Orc:2)
  5 steelbarb worms
  2 wizards (D:14)
  4 lindwurms (Lair:4)
  A phantasmal warrior (D:13)
  8 orc sorcerers
  17 wolf spiders
  8 ugly things
  5 cyclopes
  7 manticores
  A large abomination (Lair:5)
  13 elephants
  3 torpor snails
  Maurice (D:9)
  3 black mambas
  A smoke demon (Lair:5)
  4 gargoyles
  10 cane toads
  An unseen horror (shapeshifter) (Lair:5)
  3 rime drakes
  6 komodo dragons
  A kobold demonologist (D:14)
  A freezing wraith (D:13)
  2 ancient zymes (Lair:5)
  4 meliai (Spider:3)
  3 polar bears
  5 trolls
  Grinder (D:2)
  31 blink frogs
  A blink frog (shapeshifter) (D:11)
  15 tarantellas
  19 slime creatures
  6 dream sheep (Lair:3)
  16 culicivoras
  24 jumping spiders
  A shadow (D:12)
  A spriggan (shapeshifter) (Spider:3)
  3 vampires
  55 yaks
  5 basilisks
  2 wyverns
  A basilisk (shapeshifter) (Lair:5)
  4 hogs (D:15)
  7 small abominations (Lair:5)
  A wraith (D:13)
  A chaos spawn (Lair:5)
  53 redbacks
  4 vampire mosquitoes
  Edmund (D:4)
  4 wargs (Orc:2)
  Menkaure (D:6)
  Duvessa (D:7)
  2 acid dragons
  16 water moccasins
  A floating eye (shapeshifter) (Lair:5)
  A black bear (shapeshifter) (Lair:5)
  3 ice beasts
  A sky beast (D:6)
  39 orc warriors
  A swamp drake (D:12)
  A black bear (D:8)
  7 ogres
  8 centaurs
  10 wolves
  12 bullfrogs
  A kobold brigand (D:10)
  3 gnoll sergeants
  6 scorpions
  10 wights
  Dowan (D:7)
  12 killer bees
  3 electric eels
  5 howler monkeys
  3 gnoll boudas
  6 jellies
  A hound (D:5)
  35 orc priests
  4 sleepcaps
  An iguana (D:5)
  6 hell rats (Lair:4)
  31 orc wizards
  28 gnolls
  13 adders
  2 shadow imps (D:8)
  2 white imps
  2 ufetubi
  4 worms
  5 dart slugs
  95 orcs
  10 ball pythons
  8 bats
  8 endoplasms
  4 giant cockroaches
  12 goblins
  6 hobgoblins
  2 jackals (D:5)
  11 kobolds
  4 quokkas
  6 frilled lizards
  5 rats
935 creatures vanquished.

Notes
Turn   | Place    | Note
-------+----------+-------------------------------------------
     0 | D:1      | qw the Gargoyle Hexslinger began the quest for the Orb.
     0 | D:1      | Reached XP level 1. HP: 12/12 MP: 2/2
     0 | D:1      | 0 ||| qw: Version: 0.3-a-46-gb1f654a
     0 | D:1      | 0 ||| qw: Game counter: 3770
     0 | D:1      | 0 ||| qw: Melee chars always use a shield: true
     0 | D:1      | 0 ||| qw: God list: Okawaru
     0 | D:1      | 0 ||| qw: Allow faded altars: false
     0 | D:1      | 0 ||| qw: Do Orc after clearing Dungeon:15 true
     0 | D:1      | 0 ||| qw: Do second Lair branch before Depths: true
     0 | D:1      | 0 ||| qw: Lair rune preference: random
     0 | D:1      | 0 ||| qw: Goals: Normal
     0 | D:1      | 0 ||| PLANNING D:1-11
   112 | D:1      | Reached XP level 2. HP: 16/16 MP: 3/3
   440 | D:1      | Reached skill level 3 in Ranged Weapons
   694 | D:1      | 694 ||| UPGRADING to +4 ring of protection.
   695 | D:1      | 695 ||| READING scroll labelled LETWIW HOIVER.
   699 | D:1      | 699 ||| READING 2 scrolls labelled UBLAINIJOT.
   700 | D:1      | 700 ||| READING scroll labelled SOCIYDDATE.
   701 | D:1      | 701 ||| DROPPING scroll of poison.
   719 | D:2      | Reached XP level 3. HP: 21/21 MP: 4/4
   775 | D:2      | Found a faded altar of an unknown god.
  1136 | D:2      | 1136 ||| Stepping ~*~*~tactically~*~*~ (outnumbered).
  1169 | D:2      | Reached XP level 4. HP: 26/26 MP: 5/5
  1198 | D:2      | 1198 ||| UPGRADING to +0 leather armour.
  1208 | D:2      | 1208 ||| DROPPING +0 robe.
  1209 | D:2      | 1209 ||| READING scroll labelled YQAUHU URERPHI.
  1210 | D:2      | 1210 ||| READING scroll labelled ASHRUIGH LURA.
  1211 | D:2      | 1211 ||| DRINKING 3 red potions.
  1212 | D:2      | 1212 ||| DRINKING 3 smoky golden potions.
  1213 | D:2      | 1213 ||| READING 2 scrolls of identify.
  1213 | D:2      | 1213 ||| IDENTIFYING fuming emerald potion
  1214 | D:2      | 1214 ||| DROPPING potion of berserk rage.
  1215 | D:2      | 1215 ||| DROPPING 2 potions of brilliance.
  1216 | D:2      | 1216 ||| DROPPING 2 potions of attraction.
  1262 | D:3      | Noticed Grinder
  1263 | D:3      | 1263 ||| PLANNING SEWER
  1264 | D:3      | 1264 ||| STAIRDANCE
  1268 | D:2      | Paralysed by Grinder for 3 turns
  1286 | D:2      | Paralysed by Grinder for 5 turns
  1293 | D:2      | Paralysed by Grinder for 3 turns
  1297 | D:2      | HP: 6/26 [Grinder/nerve-wracking pain (5)]
  1299 | D:2      | 1299 ||| FLEEEEING.
  1299 | D:2      | Paralysed by Grinder for 2 turns
  1301 | D:2      | 1301 ||| FLEEEEING.
  1302 | D:2      | 1302 ||| FLEEEEING.
  1303 | D:2      | 1303 ||| FLEEEEING.
  1304 | D:2      | 1304 ||| FLEEEEING.
  1305 | D:2      | 1305 ||| FLEEEEING.
  1306 | D:2      | 1306 ||| FLEEEEING.
  1317 | D:2      | 1317 ||| FLEEEEING.
  1318 | D:2      | 1318 ||| FLEEEEING.
  1319 | D:2      | 1319 ||| FLEEEEING.
  1321 | D:2      | 1321 ||| FLEEEEING.
  1326 | D:2      | 1326 ||| FLEEEEING.
  1327 | D:2      | 1327 ||| FLEEEEING.
  1330 | D:2      | 1330 ||| STAIRDANCE
  1387 | D:2      | Paralysed by Grinder for 5 turns
  1394 | D:2      | 1394 ||| FLEEEEING.
  1395 | D:2      | 1395 ||| STAIRDANCE
  1452 | D:2      | Paralysed by Grinder for 4 turns
  1462 | D:2      | Killed Grinder
  1463 | D:2      | Reached skill level 6 in Ranged Weapons
  1463 | D:2      | Reached XP level 5. HP: 20/30 MP: 6/6
  1463 | D:2      | Reached XP level 6. HP: 23/35 MP: 7/7
  1573 | D:3      | 1573 ||| SWAPPING to +2 sling of draining.
  1574 | D:3      | 1574 ||| DROPPING +1 sling.
  1730 | D:3      | Found a glowing silver altar of Zin.
  1873 | D:3      | Found a glowing drain.
  1874 | D:3      | 1874 ||| UPGRADING to +0 ring mail.
  1884 | D:3      | 1884 ||| UPGRADING to +0 pair of boots.
  1889 | D:3      | 1889 ||| DROPPING +0 leather armour.
  1890 | D:3      | 1890 ||| DROPPING ring of magical power.
  1899 | Sewer    | Entered a sewer
  1916 | Sewer    | 1916 ||| Stepping ~*~*~tactically~*~*~ (water).
  1983 | Sewer    | 1983 ||| Stepping ~*~*~tactically~*~*~ (water).
  1990 | Sewer    | 1990 ||| Stepping ~*~*~tactically~*~*~ (water).
  1994 | Sewer    | Reached skill level 1 in Armour
  2086 | Sewer    | 2086 ||| Stepping ~*~*~tactically~*~*~ (water).
  2132 | Sewer    | 2132 ||| Stepping ~*~*~tactically~*~*~ (water).
  2151 | Sewer    | 2151 ||| UPGRADING to scarf of repulsion.
  2156 | Sewer    | 2156 ||| READING 2 scrolls labelled NAGUXI INEO.
  2157 | Sewer    | 2157 ||| READING scroll labelled DUSARE JUR LAO.
  2184 | Sewer    | 2184 ||| DRINKING 2 pink potions.
  2185 | Sewer    | 2185 ||| READING 2 scrolls of identify.
  2185 | Sewer    | 2185 ||| IDENTIFYING emerald potion
  2186 | Sewer    | 2186 ||| DROPPING scroll of noise.
  2232 | D:3      | 2232 ||| PLANNING D:1-11
  2832 | D:4      | Reached skill level 3 in Fighting
  2867 | D:4      | HP: 8/37 [dart slug/slug dart (2)]
  2868 | D:4      | 2868 ||| READING 2 scrolls of teleportation.
  2869 | D:4      | 2869 ||| DRINKING potion of heal wounds.
  2933 | D:4      | Reached XP level 7. HP: 40/44 MP: 8/8
  3249 | D:4      | Found a burning altar of Makhleb.
  3413 | D:4      | 3413 ||| UPGRADING to +3 leather armour.
  3423 | D:4      | 3423 ||| DROPPING +0 ring mail.
  3424 | D:4      | 3424 ||| READING scroll labelled PUMALOHIUN.
  3525 | D:4      | 3525 ||| DRINKING 3 silvery potions.
  3560 | D:4      | 3560 ||| DROPPING 2 potions of lignification.
  3579 | D:5      | Entered Level 5 of the Dungeon
  3579 | D:5      | Noticed Edmund
  3586 | D:5      | 3586 ||| STAIRDANCE
  3597 | D:4      | Killed Edmund
  3598 | D:4      | Reached skill level 7 in Ranged Weapons
  3715 | D:4      | 3715 ||| READING 3 scrolls of identify.
  3715 | D:4      | 3715 ||| IDENTIFYING bubbling grey potion
  3720 | D:5      | 3720 ||| STAIRDANCE
  3737 | D:4      | Reached skill level 8 in Ranged Weapons
  3737 | D:4      | Reached XP level 8. HP: 40/48 MP: 9/9
  4219 | D:5      | 4219 ||| Stepping ~*~*~tactically~*~*~ (outnumbered).
  4648 | D:5      | 4648 ||| UPGRADING to ring of protection from fire.
  4649 | D:5      | 4649 ||| READING 4 scrolls of identify.
  4649 | D:5      | 4649 ||| IDENTIFYING green potion
  4705 | D:6      | Found a shimmering altar of Xom.
  4743 | D:6      | Reached skill level 9 in Ranged Weapons
  4962 | D:6      | Reached skill level 6 in Fighting
  4970 | D:6      | 4970 ||| Stepping ~*~*~tactically~*~*~ (outnumbered).
  4985 | D:6      | HP: 11/51 [gnoll/+0 halberd[a gnoll sergeant] (2)]
  4986 | D:6      | 4986 ||| READING 3 scrolls of teleportation.
  4988 | D:6      | HP: 4/51 [gnoll sergeant/+0 trident (3)]
  4989 | D:6      | HP: 1/51 [gnoll/+0 halberd[a gnoll sergeant] (3)]
  5235 | D:6      | Found a staircase to the Ecumenical Temple.
  5236 | D:6      | 5236 ||| PLANNING TEMPLE
  5236 | D:6      | 5236 ||| READING 4 scrolls of identify.
  5236 | D:6      | 5236 ||| IDENTIFYING amethyst potion
  5248 | D:6      | Reached XP level 9. HP: 55/55 MP: 10/10
  5252 | Temple   | Entered the Ecumenical Temple
  5378 | Temple   | 5378 ||| PLANNING D:1-11
  5479 | D:6      | 5479 ||| SWAPPING to +0 orcbow.
  5485 | D:6      | 5485 ||| DROPPING +2 sling of draining.
  5518 | D:6      | Reached skill level 10 in Ranged Weapons
  5615 | D:6      | Reached skill level 3 in Dodging
  5776 | D:6      | Found a sparkling altar of Nemelex Xobeh.
  5935 | D:6      | Noticed Menkaure
  5940 | D:6      | Killed Menkaure
  6451 | D:7      | Found a broken altar of Ashenzari.
  6522 | D:7      | Found a shimmering blue altar of Sif Muna.
  6663 | D:7      | Found a white marble altar of Elyvilon.
  6709 | D:7      | Found a bloodstained altar of Trog.
  6770 | D:7      | Reached skill level 11 in Ranged Weapons
  6804 | D:7      | 6804 ||| Stepping ~*~*~tactically~*~*~ (outnumbered).
  6891 | D:7      | Noticed Duvessa
  6893 | D:7      | Noticed Dowan
  6896 | D:7      | 6896 ||| Stepping ~*~*~tactically~*~*~ (outnumbered).
  6905 | D:7      | Killed Duvessa
  6910 | D:7      | Killed Dowan
  6914 | D:7      | HP: 9/57 [gnoll/+0 flail[a gnoll bouda] (8)]
  6915 | D:7      | 6915 ||| READING 2 scrolls of teleportation.
  7263 | D:7      | 7263 ||| READING 4 scrolls of identify.
  7263 | D:7      | 7263 ||| IDENTIFYING sapphire potion
  7414 | D:7      | 7414 ||| READING scroll labelled MOXOWN AHIECVA.
  7515 | D:8      | Found an ornate altar of the Wu Jian Council.
  7575 | D:8      | Noticed a two-headed ogre
  7587 | D:8      | Killed a two-headed ogre
  7588 | D:8      | Reached skill level 9 in Fighting
  7588 | D:8      | Reached XP level 10. HP: 20/66 MP: 11/11
  7949 | D:8      | 7949 ||| Stepping ~*~*~tactically~*~*~ (outnumbered).
  7951 | D:8      | 7951 ||| Stepping ~*~*~tactically~*~*~ (outnumbered).
  7953 | D:8      | 7953 ||| Stepping ~*~*~tactically~*~*~ (outnumbered).
  7958 | D:8      | 7958 ||| Stepping ~*~*~tactically~*~*~ (outnumbered).
  8506 | D:8      | Found a stormy altar of Qazlal.
  8626 | D:8      | 8626 ||| SWAPPING to +0 arbalest.
  8628 | D:8      | 8628 ||| DROPPING +0 orcbow.
  8651 | D:8      | 8651 ||| UPGRADING to +1 pair of gloves.
  8656 | D:8      | 8656 ||| DROPPING ring of flight.
  8705 | D:9      | Found a blossoming altar of Fedhas.
  8706 | D:9      | Found a snail-covered altar of Cheibriados.
  8848 | D:9      | 8848 ||| Stepping ~*~*~tactically~*~*~ (outnumbered).
  8851 | D:9      | Reached skill level 12 in Ranged Weapons
  8943 | D:9      | HP: 13/66 [yak (8)]
  8944 | D:9      | 8944 ||| READING 2 scrolls of teleportation.
  8944 | D:9      | HP: 4/66 [yak (3)]
  8946 | D:9      | HP: 1/66 [yak (3)]
  8983 | D:9      | 8983 ||| READING scroll of teleportation.
  8984 | D:9      | HP: 10/66 [yak (4)]
  8989 | D:9      | HP: 5/66 [acid dragon/splash of acid (7)]
  9226 | D:9      | Noticed Maurice
  9237 | D:9      | Killed Maurice
  9238 | D:9      | Reached skill level 13 in Ranged Weapons
  9367 | D:9      | Reached XP level 11. HP: 71/71 MP: 12/12
  9563 | D:9      | Reached skill level 3 in Armour
  9675 | D:9      | 9675 ||| UPGRADING to +1 hat.
  9680 | D:9      | 9680 ||| READING scroll labelled TIOWEDW PASCHAENA.
  9681 | D:9      | 9681 ||| READING scroll labelled QACRAE TOMMOO.
  9697 | D:10     | Entered Level 10 of the Dungeon
  9728 | D:10     | Found an iron altar of Okawaru.
  9729 | D:10     | 9729 ||| PLANNING OKAWARU WORSHIP
  9733 | D:10     | Became a worshipper of Warmaster Okawaru
  9734 | D:10     | 9734 ||| PLANNING D:1-11
  9874 | D:10     | Found a sacrificial altar of Ru.
  9946 | D:10     | Reached * piety under Okawaru
  9947 | D:10     | Reached skill level 14 in Ranged Weapons
  9947 | D:10     | 9947 ||| INVOKING Heroism.
 10002 | D:10     | Found a staircase to the Lair.
 10271 | D:10     | 10271 ||| Stepping ~*~*~tactically~*~*~ (outnumbered).
 10273 | D:10     | 10273 ||| Stepping ~*~*~tactically~*~*~ (outnumbered).
 10283 | D:10     | Reached skill level 1 in Invocations
 10371 | D:10     | 10371 ||| PLANNING LAIR
 10381 | Lair:1   | Entered Level 1 of the Lair of Beasts
 10388 | Lair:1   | 10388 ||| INVOKING Heroism.
 10404 | Lair:1   | 10404 ||| STAIRDANCE
 10406 | D:10     | 10406 ||| INVOKING Heroism.
 10409 | D:10     | HP: 14/72 [cane toad (11)]
 10410 | D:10     | 10410 ||| READING scroll of teleportation.
 10596 | Lair:1   | 10596 ||| INVOKING Heroism.
 10609 | Lair:1   | 10609 ||| STAIRDANCE
 10652 | Lair:1   | 10652 ||| INVOKING Heroism.
 10667 | Lair:1   | 10667 ||| STAIRDANCE
 10685 | Lair:1   | 10685 ||| INVOKING Heroism.
 10694 | Lair:1   | Reached skill level 3 in Invocations
 10788 | Lair:1   | 10788 ||| INVOKING Heroism.
 10890 | Lair:1   | Identified the +7 triple crossbow of the Turnip {drain, rC+
                  | Will+ Stlth+}
 10892 | Lair:1   | 10892 ||| SWAPPING to +7 triple crossbow of the Turnip
                  | {drain, rC+ Will+ Stlth+}.
 10893 | Lair:1   | 10893 ||| DROPPING +1 arbalest.
 10922 | Lair:1   | 10922 ||| INVOKING Heroism.
 11015 | Lair:1   | Reached ** piety under Okawaru
 11193 | Lair:1   | 11193 ||| INVOKING Heroism.
 11199 | Lair:1   | Reached skill level 15 in Ranged Weapons
 11208 | Lair:1   | Reached XP level 12. HP: 68/77 MP: 15/15
 11267 | Lair:1   | 11267 ||| FLEEEEING.
 11276 | Lair:1   | 11276 ||| INVOKING Heroism.
 11497 | Lair:1   | 11497 ||| READING 7 scrolls of identify.
 11497 | Lair:1   | 11497 ||| IDENTIFYING blue potion
 11498 | Lair:1   | 11498 ||| DROPPING potion of degeneration.
 11657 | Lair:2   | Reached *** piety under Okawaru
 11669 | Lair:2   | Found a hole to the Spider Nest.
 11675 | Lair:2   | Noticed a demonic crawler
 11676 | Lair:2   | 11676 ||| INVOKING Heroism.
 11681 | Lair:2   | Killed a demonic crawler
 11750 | Lair:2   | Found a staircase to the Shoals.
 11971 | Lair:2   | Identified the +9 battleaxe of Mayhem {venom, rC++ Will+
                  | Dex+2}
 12217 | Lair:2   | 12217 ||| UPGRADING to amulet of regeneration.
 12261 | Lair:3   | 12261 ||| INVOKING Heroism.
 12381 | Lair:3   | 12381 ||| INVOKING Heroism.
 12384 | Lair:3   | Noticed a seven-headed hydra
 12385 | Lair:3   | Reached skill level 16 in Ranged Weapons
 12392 | Lair:3   | Killed a seven-headed hydra
 12392 | Lair:3   | Reached **** piety under Okawaru
 12397 | Lair:3   | 12397 ||| INVOKING Heroism.
 12407 | Lair:3   | Received a gift from Okawaru
 12410 | Lair:3   | 12410 ||| INVOKING Heroism.
 12734 | Lair:3   | Reached skill level 6 in Invocations
 12836 | Lair:3   | 12836 ||| UPGRADING to +2 helmet of see invisible.
 12846 | Lair:3   | 12846 ||| DROPPING +1 hat.
 12847 | Lair:3   | 12847 ||| UPGRADING to +5 ring of evasion.
 12849 | Lair:3   | 12849 ||| UPGRADING to +4 ring of protection.
 12851 | Lair:3   | 12851 ||| UPGRADING to +1 leather armour of fire
                  | resistance.
 12890 | Lair:4   | 12890 ||| INVOKING Heroism.
 12947 | Lair:4   | Noticed a skyshark
 12953 | Lair:4   | Killed a skyshark
 12954 | Lair:4   | Reached XP level 13. HP: 80/84 MP: 18/18
 13146 | Lair:4   | Reached ***** piety under Okawaru
 13233 | Lair:4   | 13233 ||| FLEEEEING.
 13234 | Lair:4   | 13234 ||| FLEEEEING.
 13235 | Lair:4   | 13235 ||| INVOKING Heroism.
 13274 | Lair:4   | 13274 ||| INVOKING Heroism.
 13363 | Lair:4   | 13363 ||| INVOKING Heroism.
 13464 | Lair:4   | 13464 ||| INVOKING Heroism.
 13515 | Lair:4   | Reached skill level 9 in Invocations
 13950 | Lair:4   | 13950 ||| INVOKING Heroism.
 13953 | Lair:4   | Reached skill level 17 in Ranged Weapons
 14047 | Lair:4   | 14047 ||| UPGRADING to +2 pair of gloves.
 14057 | Lair:4   | 14057 ||| DROPPING +1 pair of gloves.
 14058 | Lair:4   | 14058 ||| READING scroll labelled OSAKKAOTOE.
 14065 | Lair:4   | 14065 ||| READING 10 scrolls of identify.
 14065 | Lair:4   | 14065 ||| IDENTIFYING sedimented inky potion
 14083 | Lair:5   | Entered Level 5 of the Lair of Beasts
 14128 | Lair:5   | Identified the +3 glaive of Fayreom {holy, Will+} (Okawaru
                  | gifted it to you on level 5 of the Lair of Beasts)
 14128 | Lair:5   | Received a gift from Okawaru
 14321 | Lair:5   | 14321 ||| INVOKING Heroism.
 14367 | Lair:5   | Found a staircase to the Slime Pits.
 14369 | Lair:5   | Found a viscous altar of Jiyva.
 14500 | Lair:5   | 14500 ||| INVOKING Heroism.
 14520 | Lair:5   | 14520 ||| INVOKING Finesse.
 14562 | Lair:5   | 14562 ||| INVOKING Heroism.
 14567 | Lair:5   | Reached skill level 18 in Ranged Weapons
 14567 | Lair:5   | Gained mutation: Your large and strong wings let you fly.
                  | [Gargoyle growth]
 14567 | Lair:5   | Reached XP level 14. HP: 90/90 MP: 18/21
 14618 | Lair:5   | Reached skill level 12 in Fighting
 14642 | Lair:5   | Received a gift from Okawaru
 14760 | Lair:5   | 14760 ||| INVOKING Heroism.
 14765 | Lair:5   | Reached skill level 6 in Dodging
 14835 | Lair:5   | Found a corrupted altar of Lugonu.
 14835 | Lair:5   | Found a one-way gate to the infinite horrors of the Abyss.
 14922 | Lair:5   | Reached ****** piety under Okawaru
 14922 | Lair:5   | Received a gift from Okawaru
 15206 | Lair:5   | 15206 ||| PLANNING D:1-11
 15206 | Lair:5   | 15206 ||| UPGRADING to +2 pair of boots.
 15216 | Lair:5   | 15216 ||| DROPPING +0 pair of boots.
 15217 | Lair:5   | 15217 ||| READING scroll labelled IPYOSS SIBYUGA.
 15218 | Lair:5   | 15218 ||| READING scroll labelled SODUINKOKY.
 15455 | D:11     | 15455 ||| INVOKING Heroism.
 15461 | D:11     | 15461 ||| INVOKING Finesse.
 15559 | D:11     | Reached skill level 19 in Ranged Weapons
 15573 | D:11     | Found Murusaolo's Distillery.
 15582 | D:11     | 15582 ||| BUYING 2 potions of might (112 gold).
 15582 | D:11     | Bought 2 potions of might for 112 gold pieces
 15582 | D:11     | 15582 ||| BUYING potion of cancellation (112 gold).
 15582 | D:11     | Bought a potion of cancellation for 112 gold pieces
 15582 | D:11     | 15582 ||| BUYING potion of curing (42 gold).
 15582 | D:11     | Bought a potion of curing for 42 gold pieces
 15598 | D:11     | Found a transporter.
 15628 | D:11     | Found a transporter.
 16010 | D:11     | 16010 ||| PLANNING D
 16010 | D:11     | 16010 ||| UPGRADING to +0 troll leather armour.
 16020 | D:11     | 16020 ||| DROPPING +3 leather armour.
 16021 | D:11     | 16021 ||| READING scroll labelled CARPHI HEPA.
 16217 | D:12     | Found Rihiboic's Book Shoppe.
 16281 | D:12     | Found a staircase to the Orcish Mines.
 16373 | D:12     | Reached skill level 6 in Armour
 16380 | D:12     | 16380 ||| FLEEEEING.
 16427 | D:12     | You are sucked into a shaft and drop 2 floors!
 16444 | D:14     | Identified the +3 buckler of Loss {rElec rN+ Dex+5 Stlth-}
                  | (Okawaru gifted it to you on level 14 of the Dungeon)
 16444 | D:14     | Received a gift from Okawaru
 17446 | D:13     | 17446 ||| INVOKING Heroism.
 17488 | D:13     | 17488 ||| INVOKING Heroism.
 17489 | D:13     | 17489 ||| INVOKING Finesse.
 17497 | D:13     | Reached XP level 15. HP: 98/98 MP: 15/22
 17664 | D:13     | 17664 ||| INVOKING Heroism.
 17691 | D:13     | Found Obbo's Distillery.
 17870 | D:13     | Found a portal to a secret trove of treasure.
 17925 | D:13     | Found a transporter.
 17936 | D:13     | Found a bloodstained altar of Trog.
 17936 | D:13     | Noticed Ined's ghost (journeyman MiBe)
 17987 | D:13     | Found a transporter.
 18113 | D:14     | Found a gate to the Vaults.
 18125 | D:14     | 18125 ||| INVOKING Heroism.
 18135 | D:14     | HP: 23/98 [vault guard/+0 glaive (14)]
 18136 | D:14     | 18136 ||| DRINKING potion of heal wounds.
 18140 | D:14     | HP: 24/98 [vault guard/+0 long sword (9)]
 18143 | D:14     | HP: 10/98 [vault guard/+0 long sword (7)]
 18146 | D:14     | HP: 3/98 [vault guard/+0 glaive (5)]
 18153 | D:14     | HP: 14/98 [manticore (1)]
 18158 | D:14     | 18158 ||| INVOKING Heroism.
 18159 | D:14     | HP: 15/98 [vault guard/+0 glaive (8)]
 18232 | D:14     | Reached skill level 20 in Ranged Weapons
 18293 | D:14     | Found a radiant altar of Vehumet.
 18321 | D:14     | 18321 ||| DROPPING ring of resist corrosion.
 18331 | D:13     | 18331 ||| BUYING potion of curing (36 gold).
 18331 | D:13     | Bought a potion of curing for 36 gold pieces
 18331 | D:13     | 18331 ||| BUYING potion of heal wounds (60 gold).
 18331 | D:13     | Bought a potion of heal wounds for 60 gold pieces
 18331 | D:13     | 18331 ||| BUYING potion of magic (96 gold).
 18331 | D:13     | Bought a potion of magic for 96 gold pieces
 18331 | D:13     | 18331 ||| BUYING potion of mutation (96 gold).
 18331 | D:13     | Bought a potion of mutation for 96 gold pieces
 18331 | D:13     | 18331 ||| BUYING potion of resistance (120 gold).
 18331 | D:13     | Bought a potion of resistance for 120 gold pieces
 18339 | D:14     | 18339 ||| INVOKING Heroism.
 18383 | D:14     | 18383 ||| INVOKING Heroism.
 19098 | D:15     | Entered Level 15 of the Dungeon
 19101 | D:15     | Identified the +0 shortbow of Joyful Slaughter {freeze, rC-
                  | Str-2 Int+8 Dex+2} (Okawaru gifted it to you on level 15 of
                  | the Dungeon)
 19101 | D:15     | Received a gift from Okawaru
 19157 | D:15     | Found a staircase to the Depths.
 19158 | D:15     | 19158 ||| INVOKING Heroism.
 19213 | D:15     | 19213 ||| INVOKING Heroism.
 19530 | D:15     | Identified the ring of Bacofomi {rF- Str+3 Int+4 SInv}
 19567 | D:15     | Noticed Kirke
 19568 | D:15     | 19568 ||| INVOKING Heroism.
 19570 | D:15     | 19570 ||| INVOKING Finesse.
 19582 | D:15     | Killed Kirke
 19898 | D:15     | 19898 ||| PLANNING ORC
 19996 | Orc:1    | Entered Level 1 of the Orcish Mines
 20054 | Orc:1    | 20054 ||| INVOKING Heroism.
 20237 | Orc:2    | Entered Level 2 of the Orcish Mines
 20238 | Orc:2    | 20238 ||| INVOKING Heroism.
 20247 | Orc:2    | Received a gift from Okawaru
 20249 | Orc:2    | 20249 ||| INVOKING Finesse.
 20295 | Orc:2    | 20295 ||| UPGRADING to +3 ring mail of willpower.
 20403 | Orc:1    | 20403 ||| INVOKING Heroism.
 20577 | Orc:2    | 20577 ||| Stepping ~*~*~tactically~*~*~ (outnumbered).
 20579 | Orc:2    | 20579 ||| Stepping ~*~*~tactically~*~*~ (outnumbered).
 20581 | Orc:2    | 20581 ||| Stepping ~*~*~tactically~*~*~ (outnumbered).
 20583 | Orc:2    | 20583 ||| Stepping ~*~*~tactically~*~*~ (outnumbered).
 20584 | Orc:2    | 20584 ||| INVOKING Heroism.
 20589 | Orc:2    | Reached XP level 16. HP: 106/106 MP: 21/23
 21141 | Orc:1    | 21141 ||| PLANNING ORC
 21340 | Orc:1    | 21340 ||| PLANNING ORC
 21394 | Orc:2    | 21394 ||| Stepping ~*~*~tactically~*~*~ (outnumbered).
 21411 | Orc:2    | Found a staircase to the Elven Halls.
 21413 | Orc:2    | 21413 ||| INVOKING Heroism.
 21461 | Orc:2    | 21461 ||| FLEEEEING.
 21472 | Orc:2    | 21472 ||| FLEEEEING.
 21475 | Orc:2    | 21475 ||| STAIRDANCE
 21604 | Orc:2    | 21604 ||| Stepping ~*~*~tactically~*~*~ (outnumbered).
 21607 | Orc:2    | 21607 ||| Stepping ~*~*~tactically~*~*~ (outnumbered).
 21608 | Orc:2    | 21608 ||| Stepping ~*~*~tactically~*~*~ (outnumbered).
 21627 | Orc:2    | 21627 ||| Stepping ~*~*~tactically~*~*~ (outnumbered).
 21634 | Orc:2    | 21634 ||| INVOKING Heroism.
 21701 | Orc:2    | 21701 ||| Stepping ~*~*~tactically~*~*~ (outnumbered).
 21704 | Orc:2    | 21704 ||| Stepping ~*~*~tactically~*~*~ (outnumbered).
 21715 | Orc:2    | 21715 ||| INVOKING Heroism.
 21724 | Orc:2    | 21724 ||| Stepping ~*~*~tactically~*~*~ (outnumbered).
 21732 | Orc:2    | 21732 ||| Stepping ~*~*~tactically~*~*~ (outnumbered).
 21757 | Orc:2    | Found Wegeif's Assorted Antiques.
 21758 | Orc:2    | 21758 ||| INVOKING Heroism.
 21781 | Orc:2    | 21781 ||| Stepping ~*~*~tactically~*~*~ (outnumbered).
 21790 | Orc:2    | 21790 ||| Stepping ~*~*~tactically~*~*~ (outnumbered).
 21796 | Orc:2    | 21796 ||| Stepping ~*~*~tactically~*~*~ (outnumbered).
 21800 | Orc:2    | 21800 ||| INVOKING Heroism.
 21803 | Orc:2    | 21803 ||| Stepping ~*~*~tactically~*~*~ (outnumbered).
 21806 | Orc:2    | Reached skill level 21 in Ranged Weapons
 21835 | Orc:2    | 21835 ||| BUYING scroll of teleportation (99 gold).
 21835 | Orc:2    | Bought a scroll of teleportation for 99 gold pieces
 21913 | Orc:2    | Found Poepnac's Antique Armour Shoppe.
 21913 | Orc:2    | Found Koawn's Antique Weapon Shoppe.
 21918 | Orc:2    | Found Raosaz's General Store.
 21918 | Orc:2    | Found Ovyakoge's Jewellery Emporium.
 21924 | Orc:2    | 21924 ||| BUYING encrusted ring mail (324 gold).
 21924 | Orc:2    | Bought an encrusted ring mail for 324 gold pieces
 21924 | Orc:2    | Identified the +1 ring mail of the Sunfish {MP+9 Int+3
                  | SInv} (You bought it in a shop on level 2 of the Orcish
                  | Mines)
 21924 | Orc:2    | 21924 ||| BUYING glowing robe (133 gold).
 21924 | Orc:2    | Bought a glowing robe for 133 gold pieces
 21934 | Orc:2    | 21934 ||| BUYING +1 ring mail "Doanecw" {rF+} (253 gold).
 21934 | Orc:2    | Bought the +1 ring mail "Doanecw" {rF+} for 253 gold pieces
 21934 | Orc:2    | 21934 ||| SHOPLISTING amulet of Vitality {RegenMP++
                  | Regen++} (1100 gold, have 845).
 21934 | Orc:2    | 21934 ||| BUYING scroll of teleportation (33 gold).
 21934 | Orc:2    | Bought a scroll of teleportation for 33 gold pieces
 21935 | Orc:2    | 21935 ||| BUYING +5 ring of evasion (648 gold).
 21935 | Orc:2    | Bought a +5 ring of evasion for 648 gold pieces
 21935 | Orc:2    | 21935 ||| SHOPLISTING amulet of reflection (540 gold, have
                  | 164).
 21961 | Orc:2    | 21961 ||| PLANNING SPIDER:1-3
 21961 | Orc:2    | 21961 ||| DROPPING +1 leather armour of fire resistance.
 21962 | Orc:2    | 21962 ||| DROPPING +1 robe of resistance.
 21963 | Orc:2    | 21963 ||| DROPPING ring of Bacofomi {rF- Str+3 Int+4 SInv}.
 21964 | Orc:2    | 21964 ||| UPGRADING to +5 ring of evasion.
 21966 | Orc:2    | 21966 ||| DROPPING +4 ring of protection.
 22188 | Spider:1 | Entered Level 1 of the Spider Nest
 22252 | Spider:1 | Reached skill level 9 in Armour
 22257 | Spider:1 | HP: 23/106 [entropy weaver simulacrum (5)]
 22258 | Spider:1 | 22258 ||| READING 3 scrolls of teleportation.
 22259 | Spider:1 | 22259 ||| DRINKING 2 potions of heal wounds.
 22260 | Spider:1 | 22260 ||| DRINKING potion of heal wounds.
 22262 | Spider:1 | 22262 ||| READING 2 scrolls of teleportation.
 22267 | Spider:1 | HP: 24/106 [wolf spider simulacrum (7)]
 22268 | Spider:1 | 22268 ||| READING scroll of teleportation.
 22268 | Spider:1 | HP: 10/106 [redback (10)]
 22270 | Spider:1 | 22270 ||| INVOKING Heroism.
 22680 | Spider:1 | Reached skill level 15 in Fighting
 22774 | Spider:1 | 22774 ||| DRINKING 8 potions of curing.
 22774 | Spider:1 | 22774 ||| (to cure confusion)
 22784 | Spider:1 | 22784 ||| INVOKING Heroism.
 23034 | Spider:1 | 23034 ||| DROPPING +6 ring of intelligence.
 23057 | Spider:2 | Noticed Arachne
 23058 | Spider:2 | 23058 ||| INVOKING Heroism.
 23073 | Spider:2 | Killed Arachne
 23085 | Spider:2 | 23085 ||| DRINKING 7 potions of curing.
 23085 | Spider:2 | 23085 ||| (to cure confusion)
 23125 | Spider:2 | 23125 ||| Stepping ~*~*~tactically~*~*~ (outnumbered).
 23359 | Spider:2 | 23359 ||| INVOKING Finesse.
 23375 | Spider:2 | 23375 ||| INVOKING Heroism.
 23441 | Spider:2 | 23441 ||| INVOKING Heroism.
 23449 | Spider:2 | Reached skill level 22 in Ranged Weapons
 23449 | Spider:2 | Reached XP level 17. HP: 113/113 MP: 0/24
 23667 | Spider:2 | 23667 ||| INVOKING Heroism.
 23721 | Spider:2 | 23721 ||| INVOKING Heroism.
 23750 | Spider:2 | 23750 ||| INVOKING Finesse.
 23767 | Spider:2 | 23767 ||| FLEEEEING.
 23769 | Spider:2 | 23769 ||| FLEEEEING.
 23872 | Spider:2 | 23872 ||| FLEEEEING.
 23873 | Spider:2 | 23873 ||| FLEEEEING.
 23874 | Spider:2 | 23874 ||| FLEEEEING.
 23875 | Spider:2 | 23875 ||| FLEEEEING.
 23876 | Spider:2 | 23876 ||| FLEEEEING.
 23877 | Spider:2 | 23877 ||| FLEEEEING.
 23878 | Spider:2 | 23878 ||| FLEEEEING.
 23882 | Spider:2 | 23882 ||| FLEEEEING.
 23883 | Spider:2 | 23883 ||| FLEEEEING.
 23884 | Spider:2 | 23884 ||| FLEEEEING.
 23948 | Spider:2 | 23948 ||| INVOKING Finesse.
 24232 | Spider:2 | 24232 ||| READING 12 scrolls of identify.
 24232 | Spider:2 | 24232 ||| IDENTIFYING smoky silvery potion
 24233 | Spider:2 | 24233 ||| DROPPING potion of ambrosia.
 24285 | Spider:3 | 24285 ||| Stepping ~*~*~tactically~*~*~ (outnumbered).
 24411 | Spider:3 | 24411 ||| INVOKING Finesse.
 24427 | Spider:3 | 24427 ||| INVOKING Heroism.
 24488 | Spider:3 | 24488 ||| INVOKING Heroism.
 24600 | Spider:3 | 24600 ||| INVOKING Finesse.
 24601 | Spider:3 | 24601 ||| Stepping ~*~*~tactically~*~*~ (outnumbered).
 24633 | Spider:3 | Noticed Jorgrun
 24641 | Spider:3 | Killed Jorgrun
 24650 | Spider:3 | 24650 ||| INVOKING Heroism.
 24924 | Spider:3 | 24924 ||| INVOKING Finesse.
 25004 | Spider:3 | 25004 ||| Stepping ~*~*~tactically~*~*~ (outnumbered).
 25007 | Spider:3 | 25007 ||| INVOKING Heroism.
 25009 | Spider:3 | HP: 26/117 [meliai/divine providence (14)]
 25010 | Spider:3 | Killed from afar by a meliai

Levels and vault maps discovered:
D:1:      dreamdust_arrival_sigmund_warning, layout_basic
D:2:      layout_rooms, shapermc_ecumenical_altar_flowoftime,
          kennysheep_big_empty_room
D:3:      layout_basic, general_overflow_altar, portal_sewer_entry_d,
          wad_orctagon, uniq_grinder
D:4:      layout_gridville, mainiacjoe_overflow_small_starburst,
          hangedman_decor_points, minmay_vboxes
D:5:      layout_loops_cross, patterned_corridor, uniq_edmund
D:6:      layout_basic, mainiacjoe_overflow_alcove_4,
          mainiacjoe_overflow_cross_hatched, minmay_temple_entry_glass,
          uniq_menkaure
D:7:      layout_rooms, nicolae_elyvilon_temple_path,
          nicolae_sif_muna_condensation, old_standard_altar,
          mainiacjoe_overflow_24_doors, uniq_duvessa
D:8:      layout_gridville, lemuel_round_altar, mainiacjoe_overflow_boulevard
D:9:      layout_irregular_city, chequers_temple_overflow_statue_of_worship,
          enter_bailey_3, minmay_door_square, uniq_maurice
D:10:     layout_roguey, okawaru_metal_pillars_1_2, amcnicky_altar_gilded,
          hellmonk_lair_entry_icy
D:11:     gammafunk_worm_tunnel, layout_cave_pods, serial_shops,
          nicolae_shop_industrial_runoff
D:12:     layout_long_grid, erik_orc_1, serial_shops, shop,
          serial_co_window_serial, co_window_cross_1, co_window_corner_a,
          co_window_paths_a, co_window_of_opportunity_a, co_window_paths_b,
          co_window_corner_a, co_window_of_opportunity_a, co_window_corner_b,
          co_window_broadway_b, co_window_broadway_c, co_window_broadway_c,
          co_window_paths_d, co_window_paths_e, glass_columns_b,
          glass_columns_c, glass_columns_b, glass_columns_b
D:13:     layout_small_grid, gammafunk_ghost_wrathful_warriors,
          trove_entry_hex_spiral, nicolae_lava_and_water,
          nicolae_take_the_stairs
D:14:     layout_layer_cave, erik_vaults_2, minivault_25, vehumet_altar_wand_db
D:15:     hangedman_depths_entry_try_elsewhere_first, layout_basic,
          minivault_19, uniq_kirke
Temple:   nicolae_temple_godpark
Lair:1:   layout_loops_ring
Lair:2:   layout_chaotic_city, shoals_dummy_entry,
          nicolae_spider_entry_non_spiders
Lair:3:   layout_loops_ring
Lair:4:   layout_layer_cave, minmay_lindwurm_lava
Lair:5:   hellmonk_lair_end_abyssal_woods, layout_big_grid,
          minmay_slime_entry_pillars, chequers_serial_rivers_room_a,
          serial_bayou_shore_b, infiniplex_staircase_pool
Spider:1: layout_spider_delve, nicolae_spider_nook
Spider:2: layout_spider_delve, uniq_arachne
Spider:3: layout_spider_delve, hellmonk_deceptive_appearances, uniq_jorgrun
Orc:1:    layout_caves, mines2_lemuel
Orc:2:    st_orc_congregation, layout_caves, serial_shops, shop_statue,
          minmay_orc_temple_a

Skill      XL: |  1  2  3  4  5  6  7  8  9 10 11 12 13 14 15 16 17 |
---------------+----------------------------------------------------+-----
Ranged Weapons | 3 6 8 9 11 13 15 16 18 19 20 22 | 22.0
Fighting       | 2 4 6 9 10 11 13 14 15 17 | 17.0
Armour         | 1 2 3 4 5 6 7 9 10 | 10.0
Dodging        | 2 3 4 5 6 8 |  8.2
Invocations    | 4 7 10 | 10.0
Spellcasting   | |  1.0
Hexes          | |  2.6

Action                     |  1- 3 |  4- 6 |  7- 9 | 10-12 | 13-15 | 16-18 || total
---------------------------+-------+-------+-------+-------+-------+-------++-------
   Fire: Sling             |   121 |   203 |   260 |       |       |       ||   584
         Orcbow            |       |       |   228 |    68 |       |       ||   296
         Arbalest          |       |       |       |   310 |       |       ||   310
         Triple crossbow   |       |       |       |   168 |   829 |   727 ||  1724
 Invoke: Heroism           |       |       |       |    16 |    24 |    16 ||    56
         Finesse           |       |       |       |       |     5 |     6 ||    11
    Use: Scroll            |     3 |     7 |     8 |     6 |     5 |     4 ||    33
         Potion            |       |     4 |     1 |       |     1 |     4 ||    10
 Armour: Robe              |    24 |       |       |       |       |       ||    24
         Leather armour    |       |    18 |   154 |   280 |   129 |       ||   581
         Ring mail         |       |    96 |     5 |       |     6 |   228 ||   335
         Troll leather arm |       |       |       |       |   116 |       ||   116
  Dodge: Dodged            |    47 |   101 |   202 |   345 |   662 |   724 ||  2081
         Repelled          |       |     2 |     2 |     2 |     3 |     6 ||    15

Table legend:
 A = Non-vault XP
 B = Vault XP
 C = Vault XP percentage of total XP
 D = Non-vault monster count
 E = Vault monster count
 F = Vault count percentage of total count
                 A         B        C        D         E       F
            +---------+---------+-------+---------+---------+-------
      Total |  167605 |   51650 |  23.6 |     718 |     217 |  23.2
            +---------+---------+-------+---------+---------+-------
        D:1 |      27 |       0 |   0.0 |      14 |       0 |   0.0
        D:2 |      62 |     281 |  81.9 |      17 |       1 |   5.6
        D:3 |      45 |      25 |  35.7 |      18 |       5 |  21.7
        D:4 |     604 |     221 |  26.8 |      19 |       9 |  32.1
        D:5 |     426 |       0 |   0.0 |      18 |       0 |   0.0
        D:6 |    1459 |     157 |   9.7 |      34 |       1 |   2.9
        D:7 |     810 |     221 |  21.4 |      17 |       2 |  10.5
        D:8 |    1866 |       0 |   0.0 |      22 |       0 |   0.0
        D:9 |    3253 |     477 |  12.8 |      32 |       5 |  13.5
       D:10 |    1688 |    1341 |  44.3 |      24 |       6 |  20.0
       D:11 |    3507 |       0 |   0.0 |      13 |       0 |   0.0
       D:12 |    6118 |     573 |   8.6 |      14 |      17 |  54.8
       D:13 |   10781 |       0 |   0.0 |      30 |       0 |   0.0
       D:14 |   11247 |    6975 |  38.3 |      23 |       9 |  28.1
       D:15 |    9242 |    4485 |  32.7 |      16 |       9 |  36.0
     Lair:1 |    6321 |       0 |   0.0 |      27 |       0 |   0.0
     Lair:2 |    2247 |    1199 |  34.8 |      11 |       8 |  42.1
     Lair:3 |    7849 |       0 |   0.0 |      25 |       0 |   0.0
     Lair:4 |   10976 |    2567 |  19.0 |      45 |       4 |   8.2
     Lair:5 |   14211 |   12434 |  46.7 |      44 |      41 |  48.2
   Spider:1 |   17243 |    3860 |  18.3 |      43 |      11 |  20.4
   Spider:2 |   26918 |    2404 |   8.2 |      62 |       1 |   1.6
   Spider:3 |   21489 |    3033 |  12.4 |      58 |       3 |   4.9
      Orc:1 |    2498 |       0 |   0.0 |      32 |       0 |   0.0
      Orc:2 |    6718 |   11347 |  62.8 |      60 |      73 |  54.9
      Sewer |       0 |      50 | 100.0 |       0 |      12 | 100.0
            +---------+---------+-------+---------+---------+-------
